Boston Bruins vs Chicago Black Hawks
Created - Sunday, May 7, 2023 at 07:13
Goals
|
| Boston Bruins |
1 |
2 |
1 |
4 |
| Chicago Black Hawks |
3 |
1 |
2 |
6 |
|
Shots
|
| Boston Bruins |
10 |
21 |
9 |
40 |
| Chicago Black Hawks |
13 |
9 |
12 |
34 |
|
1st period
1. Chicago Black Hawks , Bo Horvat 13 (Travis Konecny 17, Vladimir Tarasenko 12) at 2:14
2. Chicago Black Hawks , Steven Stamkos 27 (Phillip Danault 15) at 4:46 (PP)
3. Chicago Black Hawks , Lawson Crouse 6 (Barclay Goodrow 5, Devon Toews 15) at 8:22
4. Boston Bruins , Anthony Beauvillier 5 (Vincent Trocheck 29, Victor Mete 5) at 16:53
Penalties :
Charlie McAvoy (BOS) for Hooking (Minor) at 4:37, Vladimir Tarasenko (CHI) for Hooking (Minor) at 10:29, Nicolas Hague (CHI) for Holding (Minor) at 14:07, Matthew Tkachuk (CHI) for Holding (Minor) at 19:45
2nd period
5. Boston Bruins , Joel Farabee 15 (Ryan Donato 14, Joonas Donskoi 6) at 7:24
6. Boston Bruins , Danton Heinen 3 (Anthony Beauvillier 6, Vincent Trocheck 30) at 8:46
7. Chicago Black Hawks , Bo Horvat 14 (Travis Konecny 18) at 13:43
Penalties :
Charlie McAvoy (BOS) for Hooking (Minor) at 13:58, Rasmus Ristolainen (CHI) for Hooking (Minor) at 18:45
3rd period
8. Boston Bruins , Pavel Zacha 22 (Vincent Trocheck 31, Phil Kessel 31) at 0:12 (PP)
9. Chicago Black Hawks , Steven Stamkos 28 (Phillip Danault 16, Brent Burns 27) at 1:19 (PP)
10. Chicago Black Hawks , Steven Stamkos 29 (Matt Duchene 25, Mikhail Sergachev 15) at 2:13
Penalties :
Charlie McAvoy (BOS) for Cross-checking (Minor) at 0:47
Goalie Stats
David Rittich (BOS), 28 saves from 34 shots - (0.824), L, 11-16-4, 60:00 minutes
Ilya Sorokin (CHI), 36 saves from 40 shots - (0.900), W, 20-10-4, 60:00 minutes
Players Stats for Boston Bruins
Player Name G A P +/- PIM S H SB GA TA FO MP PP MP PK MP
------------------------------------------------------------------------------------
Anthony Beauvillier 1 1 2 2 0 2 0 1 1 0 0/0 7:56 0:00 0:21
Brandon Hagel 0 0 0 -2 0 5 1 0 1 0 0/0 13:19 0:00 0:00
Brock McGinn 0 0 0 -2 0 1 1 0 0 0 0/0 13:19 0:00 0:00
Charlie McAvoy 0 0 0 -2 6 3 0 0 1 0 0/0 26:59 4:18 0:00
Danton Heinen 1 0 1 2 0 1 1 0 0 1 0/0 7:32 0:00 0:00
Joel Farabee 1 0 1 1 0 5 0 0 2 0 0/0 18:04 3:22 0:21
Joonas Donskoi 0 1 1 1 0 1 1 0 0 0 1/1 17:21 3:22 0:00
Mason Appleton 0 0 0 0 0 0 0 0 0 0 0/1 2:05 0:13 0:00
Matt Grzelcyk 0 0 0 2 0 0 1 0 0 1 0/0 12:28 0:00 0:00
Morgan Geekie 0 0 0 -2 0 4 2 0 1 0 5/8 13:19 0:00 0:00
Pavel Zacha 1 0 1 -2 0 1 1 0 0 0 0/1 19:47 4:02 0:36
Phil Kessel 0 1 1 -2 0 5 1 0 1 2 0/2 20:29 4:02 1:43
Ryan Donato 0 1 1 1 0 3 4 0 0 0 2/13 18:02 3:22 0:36
Samuel Girard 0 0 0 -2 0 5 3 1 0 0 0/0 28:41 4:18 2:01
Sean Durzi 0 0 0 -1 0 0 5 0 1 0 0/0 18:51 3:06 0:39
Tyson Barrie 0 0 0 -1 0 0 0 2 0 1 0/0 18:51 3:06 0:39
Victor Mete 0 1 1 2 0 2 0 0 0 0 0/0 14:29 0:00 2:01
Vincent Trocheck 0 3 3 0 0 2 1 1 0 0 21/38 25:45 3:49 1:43
Players Stats for Chicago Black Hawks
Player Name G A P +/- PIM S H SB GA TA FO MP PP MP PK MP
------------------------------------------------------------------------------------
Barclay Goodrow 0 1 1 1 0 0 2 0 0 0 2/7 13:26 1:44 4:20
Bo Horvat 2 0 2 1 0 4 0 0 1 0 14/18 18:14 0:55 4:19
Brent Burns 0 1 1 1 0 1 3 1 0 1 0/0 25:16 2:01 2:32
Cal Clutterbuck 0 0 0 1 0 1 1 0 0 0 0/0 9:14 0:00 2:16
Chris Kreider 0 0 0 0 0 1 3 0 0 0 1/1 13:20 0:01 0:49
Devon Toews 0 1 1 1 0 1 1 1 0 1 0/0 27:10 0:39 4:52
Lawson Crouse 1 0 1 1 0 2 0 0 0 1 0/0 7:42 0:01 0:00
Matt Duchene 0 1 1 -1 0 2 2 1 0 1 0/0 17:42 0:00 0:00
Matthew Tkachuk 0 0 0 -1 2 3 0 1 1 0 1/2 19:33 0:55 0:32
Mikhail Sergachev 0 1 1 1 0 2 1 1 0 1 0/0 21:55 2:01 2:32
Nicolas Hague 0 0 0 -1 2 0 1 2 0 0 0/0 11:42 0:00 1:21
Nikolaj Ehlers 0 0 0 0 0 3 0 0 1 0 0/0 12:17 0:01 0:00
Phillip Danault 0 2 2 0 0 2 1 0 0 0 1/6 16:24 1:44 2:16
Rasmus Andersson 0 0 0 -1 0 0 1 0 0 2 0/0 13:18 0:00 0:00
Rasmus Ristolainen 0 0 0 1 2 1 1 1 0 0 0/0 18:39 0:00 3:31
Steven Stamkos 3 0 3 -1 0 6 2 2 1 1 15/28 19:38 1:44 0:16
Travis Konecny 0 2 2 1 0 3 0 0 0 0 0/1 13:23 0:55 0:00
Vladimir Tarasenko 0 1 1 1 2 2 1 1 1 0 1/1 13:39 0:39 0:00
3 Stars
1 - Steven Stamkos (CHI)
2 - Bo Horvat (CHI)
3 - Anthony Beauvillier (BOS)
Power Play
Boston Bruins - 1 on 4 Attempt(s) - 25.00%
Chicago Black Hawks - 2 on 3 Attempt(s) - 66.67%
Penalty Kill
Boston Bruins - 1 on 3 Attempt(s) - 33.33%
- Score 0 goal in Penalty Kill
Chicago Black Hawks - 3 on 4 Attempt(s) - 75.00%
- Score 0 goal in Penalty Kill
Team Stat
Boston Bruins - Hits : 22 - Faceoff Wins : 29 - Blocked Shots : 5 - Penalty Minutes : 6
Chicago Black Hawks - Hits : 20 - Faceoff Wins : 35 - Blocked Shots : 11 - Penalty Minutes : 8
Official
Referees : Dave Lewis and Chris Lee
Linesman : Tim Nowak and Jonny Murray
Game Notes
Steven Stamkos has scored a Hat Trick!
Finance
Level 1 -- Attendance: 5144 (85.73%) -- Ticket Income $514,400
Level 2 -- Attendance: 3999 (79.98%) -- Ticket Income $239,940
Level 3 -- Attendance: 2244 (74.80%) -- Ticket Income $78,540
Level 4 -- Attendance: 3617 (72.34%) -- Ticket Income $90,425
Luxury Box -- Attendance: 840 (84.00%) -- Ticket Income $168,000
Game was played at the United Center.
Total Attendance: 15844 (79.22%)
Total Ticket Income: $1,091,305
Other Income: $381,957
Total Income: $1,473,262
Boston Bruins
5 vs 5 Forward
Center Left Wing Right Wing Time % Phy DF OF
1 Vincent Trocheck Pavel Zacha Phil Kessel 40 1 2 2
2 Ryan Donato Joel Farabee Joonas Donskoi 30 1 2 2
3 Morgan Geekie Brandon Hagel Brock McGinn 20 1 2 2
4 Vincent Trocheck Anthony Beauvillier Danton Heinen 10 1 2 2
5 vs 5 Defense
Defense Defense Time % Phy DF OF
1 Charlie McAvoy Samuel Girard 40 1 2 2
2 Tyson Barrie Sean Durzi 30 1 2 2
3 Matt Grzelcyk Victor Mete 20 1 2 2
4 Charlie McAvoy Samuel Girard 10 1 2 2
PowerPlay Forward
Center Left Wing Right Wing Time % Phy DF OF
1 Vincent Trocheck Pavel Zacha Phil Kessel 60 1 2 2
2 Ryan Donato Joel Farabee Joonas Donskoi 40 1 2 2
PowerPlay Defense
Defense Defense Time % Phy DF OF
1 Charlie McAvoy Samuel Girard 60 1 2 2
2 Tyson Barrie Sean Durzi 40 1 2 2
Penalty Kill 4 Players Forward
Center Wing Time % Phy DF OF
1 Vincent Trocheck Phil Kessel 60 1 2 2
2 Pavel Zacha Joel Farabee 40 1 2 2
Penalty Kill 4 Players Defense
Defense Defense Time % Phy DF OF
1 Charlie McAvoy Samuel Girard 60 1 2 2
2 Tyson Barrie Sean Durzi 40 1 2 2
Penalty Kill - 3 Players Forward
Forward Time % Phy DF OF
1 Vincent Trocheck 60 1 2 2
2 Phil Kessel 40 1 2 2
Penalty Kill - 3 Players Defense
Defense Defense Time % Phy DF OF
1 Charlie McAvoy Samuel Girard 60 1 2 2
2 Tyson Barrie Sean Durzi 40 1 2 2
4 vs 4 Forward
Center Wing Time % Phy DF OF
1 Vincent Trocheck Phil Kessel 60 1 2 2
2 Pavel Zacha Joel Farabee 40 1 2 2
4 vs 4 Defense
Defense Defense Time % Phy DF OF
1 Charlie McAvoy Samuel Girard 60 1 2 2
2 Tyson Barrie Sean Durzi 40 1 2 2
Last Minutes Offensive
Center Left Wing Right Wing Defense Defense
Vincent Trocheck Pavel Zacha Phil Kessel Charlie McAvoy Samuel Girard
Last Minutes Defensive
Center Left Wing Right Wing Defense Defense
Vincent Trocheck Pavel Zacha Phil Kessel Charlie McAvoy Samuel Girard
Goaltenders
Starting : David Rittich
Backup : Olivier Rodrigue
Extra Forwards
Normal : Mason Appleton, Brandon Hagel, Anthony Beauvillier - PP : Mason Appleton, Brandon Hagel - PK : Anthony Beauvillier
Extra Defensemen
Normal : Matt Grzelcyk, Victor Mete, Tyson Barrie - PP : Matt Grzelcyk - PK : Victor Mete, Tyson Barrie
Penalty Shots
Vincent Trocheck, Phil Kessel, Pavel Zacha, Joel Farabee, Brandon Hagel
Chicago Black Hawks
5 vs 5 Forward
Center Left Wing Right Wing Time % Phy DF OF
1 Steven Stamkos Matthew Tkachuk Matt Duchene 40 0 1 4
2 Bo Horvat Travis Konecny Vladimir Tarasenko 30 0 1 4
3 Phillip Danault Nikolaj Ehlers Chris Kreider 20 0 2 3
4 Barclay Goodrow Cal Clutterbuck Lawson Crouse 10 0 2 3
5 vs 5 Defense
Defense Defense Time % Phy DF OF
1 Brent Burns Devon Toews 40 0 2 3
2 Rasmus Ristolainen Mikhail Sergachev 30 0 2 3
3 Rasmus Andersson Nicolas Hague 20 0 4 1
4 Mikhail Sergachev Rasmus Andersson 10 0 3 2
PowerPlay Forward
Center Left Wing Right Wing Time % Phy DF OF
1 Steven Stamkos Phillip Danault Barclay Goodrow 60 0 0 5
2 Bo Horvat Matthew Tkachuk Travis Konecny 40 0 0 5
PowerPlay Defense
Defense Defense Time % Phy DF OF
1 Brent Burns Mikhail Sergachev 60 0 0 5
2 Devon Toews Vladimir Tarasenko 40 0 0 5
Penalty Kill 4 Players Forward
Center Wing Time % Phy DF OF
1 Barclay Goodrow Bo Horvat 60 0 5 0
2 Phillip Danault Cal Clutterbuck 40 0 5 0
Penalty Kill 4 Players Defense
Defense Defense Time % Phy DF OF
1 Devon Toews Rasmus Ristolainen 60 0 5 0
2 Brent Burns Mikhail Sergachev 40 0 5 0
Penalty Kill - 3 Players Forward
Forward Time % Phy DF OF
1 Barclay Goodrow 60 0 5 0
2 Phillip Danault 40 0 5 0
Penalty Kill - 3 Players Defense
Defense Defense Time % Phy DF OF
1 Rasmus Ristolainen Mikhail Sergachev 60 0 5 0
2 Devon Toews Nicolas Hague 40 0 5 0
4 vs 4 Forward
Center Wing Time % Phy DF OF
1 Phillip Danault Nikolaj Ehlers 60 0 2 3
2 Bo Horvat Vladimir Tarasenko 40 0 2 3
4 vs 4 Defense
Defense Defense Time % Phy DF OF
1 Nicolas Hague Rasmus Ristolainen 60 0 4 1
2 Devon Toews Brent Burns 40 0 2 3
Last Minutes Offensive
Center Left Wing Right Wing Defense Defense
Steven Stamkos Vladimir Tarasenko Matthew Tkachuk Brent Burns Devon Toews
Last Minutes Defensive
Center Left Wing Right Wing Defense Defense
Barclay Goodrow Matt Duchene Phillip Danault Rasmus Ristolainen Brent Burns
Goaltenders
Starting : Ilya Sorokin
Backup : Jordan Binnington
Extra Forwards
Normal : Bo Horvat, Vladimir Tarasenko, Phillip Danault - PP : Bo Horvat, Nikolaj Ehlers - PK : Bo Horvat
Extra Defensemen
Normal : Rasmus Ristolainen, Nicolas Hague, Devon Toews - PP : Rasmus Ristolainen - PK : Nicolas Hague, Devon Toews
Penalty Shots
Phillip Danault, Vladimir Tarasenko, Devon Toews, Bo Horvat, Rasmus Ristolainen
% Time on Ice - Boston Bruins
Lines # - Real PCT - Wanted PCT - Time Play
Normal Forward
1 - 29% - 40% - 14:41
2 - 29% - 30% - 14:24
3 - 27% - 20% - 13:19
4 - 15% - 10% - 7:32
Normal Defense
1 - 41% - 40% - 20:16
2 - 30% - 30% - 15:06
3 - 25% - 20% - 12:28
4 - 4% - 10% - 2:06
PP Forward
1 - 55% - 60% - 4:02
2 - 45% - 40% - 3:22
PP Defense
1 - 58% - 60% - 4:18
2 - 42% - 40% - 3:06
PK Forward
1 - 87% - 60% - 2:19
2 - 13% - 40% - 0:21
PK Defense
1 - 76% - 60% - 2:01
2 - 24% - 40% - 0:39
PK3 Forward
1 - 0% - 60%
2 - 0% - 40%
PK3 Defense
1 - 0% - 60%
2 - 0% - 40%
44 Forward
1 - 0% - 60%
2 - 0% - 40%
44 Defense
1 - 0% - 60%
2 - 0% - 40%
Last Minute Offensive - 0:00
Last Minute Defensive - 0:00
Total
Forward - 60:00
Defense - 60:00
|
% Time on Ice - Chicago Black Hawks
Lines # - Real PCT - Wanted PCT - Time Play
Normal Forward
1 - 38% - 40% - 18:45
2 - 25% - 30% - 12:26
3 - 24% - 20% - 11:57
4 - 14% - 10% - 6:48
Normal Defense
1 - 43% - 40% - 21:20
2 - 31% - 30% - 15:18
3 - 21% - 20% - 10:22
4 - 6% - 10% - 2:56
PP Forward
1 - 66% - 60% - 1:45
2 - 34% - 40% - 0:55
PP Defense
1 - 76% - 60% - 2:01
2 - 24% - 40% - 0:39
PK Forward
1 - 69% - 60% - 5:08
2 - 31% - 40% - 2:16
PK Defense
1 - 66% - 60% - 4:52
2 - 34% - 40% - 2:32
PK3 Forward
1 - 0% - 60%
2 - 0% - 40%
PK3 Defense
1 - 0% - 60%
2 - 0% - 40%
44 Forward
1 - 0% - 60%
2 - 0% - 40%
44 Defense
1 - 0% - 60%
2 - 0% - 40%
Last Minute Offensive - 0:00
Last Minute Defensive - 0:00
Total
Forward - 60:00
Defense - 60:00
|
Play-by-Play
1st period
0:01 of 1st period - Vincent Trocheck wins face-off versus Steven Stamkos in neutral zone.
0:26 of 1st period - Phil Kessel is hit by Chris Kreider and loses puck.
0:34 of 1st period - Off-side.
0:35 of 1st period - Bo Horvat wins face-off versus Ryan Donato in neutral zone.
1:20 of 1st period - Tyson Barrie is hit by Nicolas Hague and loses puck.
2:04 of 1st period - Off-side.
2:05 of 1st period - Bo Horvat wins face-off versus Morgan Geekie in neutral zone.
2:14 of 1st period - Backhand shot by Bo Horvat.
2:14 of 1st period - Goal by Bo Horvat - Boston Bruins : 0 - Chicago Black Hawks : 1.
2:15 of 1st period - Matthew Tkachuk wins face-off versus Vincent Trocheck in neutral zone.
2:28 of 1st period - Slapshot by Vincent Trocheck.
2:28 of 1st period - Shot Blocked by Steven Stamkos.
3:30 of 1st period - Pavel Zacha is hit by Brent Burns and loses puck.
3:55 of 1st period - Snap shot by Steven Stamkos.
3:55 of 1st period - Stopped by David Rittich with a rebound.
3:57 of 1st period - Slapshot by Devon Toews.
3:57 of 1st period - Shot Blocked by Tyson Barrie.
3:59 of 1st period - Slapshot by Devon Toews.
3:59 of 1st period - Stopped by David Rittich without a rebound.
4:00 of 1st period - Bo Horvat wins face-off versus Ryan Donato in Boston Bruins zone.
4:05 of 1st period - Snap shot by Bo Horvat.
4:05 of 1st period - Stopped by David Rittich with a rebound.
4:07 of 1st period - Snap shot by Vladimir Tarasenko.
4:07 of 1st period - Shot Misses the Net.
4:09 of 1st period - Slapshot by Travis Konecny.
4:09 of 1st period - Shot Misses the Net.
4:37 of 1st period - Minor Penalty to Charlie McAvoy for Hooking.
4:38 of 1st period - Steven Stamkos wins face-off versus Vincent Trocheck in Boston Bruins zone.
4:46 of 1st period - Snap shot by Steven Stamkos.
4:46 of 1st period - Goal by Steven Stamkos - Boston Bruins : 0 - Chicago Black Hawks : 2.
4:47 of 1st period - Vincent Trocheck wins face-off versus Steven Stamkos in neutral zone.
4:54 of 1st period - Snap shot by Phil Kessel.
4:54 of 1st period - Stopped by Ilya Sorokin with a rebound.
5:03 of 1st period - Snap shot by Vincent Trocheck.
5:03 of 1st period - Shot Misses the Net.
5:13 of 1st period - Joonas Donskoi is hit by Rasmus Ristolainen and loses puck.
5:24 of 1st period - Slapshot by Travis Konecny.
5:24 of 1st period - Shot Blocked by Samuel Girard.
5:36 of 1st period - Wrist shot by Joel Farabee.
5:36 of 1st period - Shot Hit the Post.
5:38 of 1st period - Backhand shot by Charlie McAvoy.
5:38 of 1st period - Stopped by Ilya Sorokin without a rebound.
5:39 of 1st period - Steven Stamkos wins face-off versus Morgan Geekie in Chicago Black Hawks zone.
6:04 of 1st period - Matt Duchene is hit by Sean Durzi and loses puck.
6:15 of 1st period - Wrist shot by Brandon Hagel.
6:15 of 1st period - Stopped by Ilya Sorokin without a rebound.
6:16 of 1st period - Vincent Trocheck wins face-off versus Bo Horvat in Chicago Black Hawks zone.
7:13 of 1st period - Snap shot by Nikolaj Ehlers.
7:13 of 1st period - Stopped by David Rittich with a rebound.
7:42 of 1st period - Snap shot by Matt Duchene.
7:42 of 1st period - Shot Misses the Net.
7:46 of 1st period - Backhand shot by Matt Duchene.
7:46 of 1st period - Shot Misses the Net.
7:55 of 1st period - Icing by Samuel Girard.
7:56 of 1st period - Vincent Trocheck wins face-off versus Barclay Goodrow in Boston Bruins zone.
8:00 of 1st period - Off-side.
8:01 of 1st period - Vincent Trocheck wins face-off versus Barclay Goodrow in neutral zone.
8:22 of 1st period - Snap shot by Lawson Crouse.
8:22 of 1st period - Goal by Lawson Crouse - Boston Bruins : 0 - Chicago Black Hawks : 3.
8:23 of 1st period - Steven Stamkos wins face-off versus Vincent Trocheck in neutral zone.
8:28 of 1st period - Snap shot by Steven Stamkos.
8:28 of 1st period - Stopped by David Rittich without a rebound.
8:29 of 1st period - Steven Stamkos wins face-off versus Vincent Trocheck in Boston Bruins zone.
9:19 of 1st period - Wrist shot by Travis Konecny.
9:19 of 1st period - Stopped by David Rittich with a rebound.
9:41 of 1st period - Slapshot by Lawson Crouse.
9:41 of 1st period - Shot Misses the Net.
9:57 of 1st period - Mikhail Sergachev is hit by Ryan Donato.
10:08 of 1st period - Slapshot by Rasmus Ristolainen.
10:08 of 1st period - Stopped by David Rittich with a rebound.
10:26 of 1st period - Wrist shot by Brandon Hagel.
10:26 of 1st period - Stopped by Ilya Sorokin without a rebound.
10:27 of 1st period - Bo Horvat wins face-off versus Phil Kessel in Chicago Black Hawks zone.
10:29 of 1st period - Minor Penalty to Vladimir Tarasenko for Hooking.
10:30 of 1st period - Barclay Goodrow wins face-off versus Phil Kessel in Chicago Black Hawks zone.
10:34 of 1st period - Charlie McAvoy is hit by Barclay Goodrow and loses puck.
11:14 of 1st period - Wrist shot by Phillip Danault.
11:14 of 1st period - Stopped by David Rittich without a rebound.
11:15 of 1st period - Vincent Trocheck wins face-off versus Barclay Goodrow in Boston Bruins zone.
12:29 of 1st period - Penalty to Vladimir Tarasenko is over, Vladimir Tarasenko is back on ice.
13:48 of 1st period - Joel Farabee is hit by Phillip Danault and loses puck.
14:07 of 1st period - Minor Penalty to Nicolas Hague for Holding.
14:08 of 1st period - Vincent Trocheck wins face-off versus Bo Horvat in Chicago Black Hawks zone.
16:07 of 1st period - Penalty to Nicolas Hague is over, Nicolas Hague is back on ice.
16:19 of 1st period - Slapshot by Brandon Hagel.
16:19 of 1st period - Stopped by Ilya Sorokin with a rebound.
16:21 of 1st period - Slapshot by Victor Mete.
16:21 of 1st period - Stopped by Ilya Sorokin without a rebound.
16:22 of 1st period - Morgan Geekie wins face-off versus Phillip Danault in Chicago Black Hawks zone.
16:23 of 1st period - Wrist shot by Brandon Hagel.
16:23 of 1st period - Shot Misses the Net.
16:53 of 1st period - Snap shot by Anthony Beauvillier.
16:53 of 1st period - Goal by Anthony Beauvillier - Boston Bruins : 1 - Chicago Black Hawks : 3.
16:54 of 1st period - Vincent Trocheck wins face-off versus Steven Stamkos in neutral zone.
16:59 of 1st period - Wrist shot by Phil Kessel.
16:59 of 1st period - Stopped by Ilya Sorokin with a rebound.
17:01 of 1st period - Snap shot by Vincent Trocheck.
17:01 of 1st period - Shot Misses the Net.
17:03 of 1st period - Slapshot by Charlie McAvoy.
17:03 of 1st period - Shot Blocked by Steven Stamkos.
17:05 of 1st period - Slapshot by Charlie McAvoy.
17:05 of 1st period - Stopped by Ilya Sorokin with a rebound.
17:21 of 1st period - Ryan Donato is hit by Vladimir Tarasenko and loses puck.
17:32 of 1st period - Wrist shot by Vladimir Tarasenko.
17:32 of 1st period - Stopped by David Rittich with a rebound.
17:48 of 1st period - Samuel Girard is hit by Cal Clutterbuck and loses puck.
18:28 of 1st period - Snap shot by Travis Konecny.
18:28 of 1st period - Stopped by David Rittich with a rebound.
18:36 of 1st period - Slapshot by Morgan Geekie.
18:36 of 1st period - Stopped by Ilya Sorokin without a rebound.
18:37 of 1st period - Steven Stamkos wins face-off versus Vincent Trocheck in Chicago Black Hawks zone.
18:37 of 1st period - Steven Stamkos is hit by Phil Kessel.
18:49 of 1st period - Icing by Brent Burns.
18:50 of 1st period - Vincent Trocheck wins face-off versus Steven Stamkos in Chicago Black Hawks zone.
18:53 of 1st period - Snap shot by Pavel Zacha.
18:53 of 1st period - Shot Blocked by Devon Toews.
19:45 of 1st period - Minor Penalty to Matthew Tkachuk for Holding.
19:46 of 1st period - Bo Horvat wins face-off versus Ryan Donato in Chicago Black Hawks zone.
Goals for this period are 1 for Boston Bruins vs 3 for Chicago Black Hawks.
Shots for this period are 10 for Boston Bruins vs 13 for Chicago Black Hawks.
2nd period
0:01 of 2nd period - Barclay Goodrow wins face-off versus Pavel Zacha in neutral zone.
1:13 of 2nd period - Brent Burns is hit by Pavel Zacha and loses puck.
1:36 of 2nd period - Chris Kreider is hit by Ryan Donato and loses puck.
1:45 of 2nd period - Penalty to Matthew Tkachuk is over, Matthew Tkachuk is back on ice.
2:03 of 2nd period - Snap shot by Matthew Tkachuk.
2:03 of 2nd period - Shot Misses the Net.
2:05 of 2nd period - Slapshot by Devon Toews.
2:05 of 2nd period - Deflect By Matthew Tkachuk.
2:05 of 2nd period - Shot Misses the Net.
2:05 of 2nd period - Puck is out of play.
2:06 of 2nd period - Morgan Geekie wins face-off versus Phillip Danault in Boston Bruins zone.
2:19 of 2nd period - Snap shot by Morgan Geekie.
2:19 of 2nd period - Stopped by Ilya Sorokin with a rebound.
2:33 of 2nd period - Icing by Vincent Trocheck.
2:34 of 2nd period - Steven Stamkos wins face-off versus Vincent Trocheck in Boston Bruins zone.
2:53 of 2nd period - Vincent Trocheck is hit by Brent Burns and loses puck.
3:02 of 2nd period - Snap shot by Matthew Tkachuk.
3:02 of 2nd period - Stopped by David Rittich with a rebound.
3:04 of 2nd period - Wrist shot by Matt Duchene.
3:04 of 2nd period - Shot Misses the Net.
3:06 of 2nd period - Snap shot by Matt Duchene.
3:06 of 2nd period - Stopped by David Rittich with a rebound.
3:08 of 2nd period - Slapshot by Rasmus Andersson.
3:08 of 2nd period - Shot Misses the Net.
3:10 of 2nd period - Snap shot by Mikhail Sergachev.
3:10 of 2nd period - Shot Blocked by Tyson Barrie.
3:12 of 2nd period - Wrist shot by Matthew Tkachuk.
3:12 of 2nd period - Shot Misses the Net.
3:14 of 2nd period - Slapshot by Rasmus Andersson.
3:14 of 2nd period - Shot Blocked by Vincent Trocheck.
3:22 of 2nd period - Sean Durzi is hit by Matt Duchene and loses puck.
3:37 of 2nd period - Wrist shot by Matt Duchene.
3:37 of 2nd period - Shot Blocked by Anthony Beauvillier.
3:39 of 2nd period - Slapshot by Matthew Tkachuk.
3:39 of 2nd period - Deflect By Vincent Trocheck.
3:39 of 2nd period - Stopped by David Rittich without a rebound.
3:40 of 2nd period - Bo Horvat wins face-off versus Ryan Donato in Boston Bruins zone.
4:05 of 2nd period - Nikolaj Ehlers is hit by Morgan Geekie and loses puck.
4:12 of 2nd period - Charlie McAvoy is hit by Devon Toews and loses puck.
5:10 of 2nd period - Wrist shot by Brandon Hagel.
5:10 of 2nd period - Shot Blocked by Nicolas Hague.
5:41 of 2nd period - Matthew Tkachuk is hit by Ryan Donato and loses puck.
6:02 of 2nd period - Slapshot by Mikhail Sergachev.
6:02 of 2nd period - Stopped by David Rittich without a rebound.
6:03 of 2nd period - Vladimir Tarasenko wins face-off versus Vincent Trocheck in Boston Bruins zone.
6:14 of 2nd period - Wrist shot by Bo Horvat.
6:14 of 2nd period - Stopped by David Rittich without a rebound.
6:15 of 2nd period - Bo Horvat wins face-off versus Ryan Donato in Boston Bruins zone.
6:20 of 2nd period - Snap shot by Travis Konecny.
6:20 of 2nd period - Shot Misses the Net.
7:04 of 2nd period - Wrist shot by Joel Farabee.
7:04 of 2nd period - Stopped by Ilya Sorokin with a rebound.
7:06 of 2nd period - Slapshot by Samuel Girard.
7:06 of 2nd period - Shot Misses the Net.
7:08 of 2nd period - Snap shot by Joonas Donskoi.
7:08 of 2nd period - Shot Misses the Net.
7:10 of 2nd period - Wrist shot by Joel Farabee.
7:10 of 2nd period - Stopped by Ilya Sorokin with a rebound.
7:12 of 2nd period - Snap shot by Ryan Donato.
7:12 of 2nd period - Stopped by Ilya Sorokin with a rebound.
7:20 of 2nd period - Wrist shot by Joonas Donskoi.
7:20 of 2nd period - Stopped by Ilya Sorokin with a rebound.
7:22 of 2nd period - Wrist shot by Ryan Donato.
7:22 of 2nd period - Stopped by Ilya Sorokin with a rebound.
7:24 of 2nd period - Wrist shot by Joel Farabee.
7:24 of 2nd period - Goal by Joel Farabee - Boston Bruins : 2 - Chicago Black Hawks : 3.
7:25 of 2nd period - Steven Stamkos wins face-off versus Vincent Trocheck in neutral zone.
7:32 of 2nd period - Phil Kessel is hit by Steven Stamkos and loses puck.
7:51 of 2nd period - Phillip Danault is hit by Sean Durzi and loses puck.
8:20 of 2nd period - Vincent Trocheck is hit by Barclay Goodrow and loses puck.
8:25 of 2nd period - Slapshot by Barclay Goodrow.
8:25 of 2nd period - Deflect By Cal Clutterbuck.
8:25 of 2nd period - Stopped by David Rittich with a rebound.
8:31 of 2nd period - Victor Mete is hit by Brent Burns and loses puck.
8:46 of 2nd period - Snap shot by Danton Heinen.
8:46 of 2nd period - Goal by Danton Heinen - Boston Bruins : 3 - Chicago Black Hawks : 3.
8:47 of 2nd period - Steven Stamkos wins face-off versus Ryan Donato in neutral zone.
8:49 of 2nd period - Off-side.
8:50 of 2nd period - Steven Stamkos wins face-off versus Ryan Donato in neutral zone.
9:01 of 2nd period - Snap shot by Ryan Donato.
9:01 of 2nd period - Shot Blocked by Rasmus Ristolainen.
9:03 of 2nd period - Snap shot by Joel Farabee.
9:03 of 2nd period - Stopped by Ilya Sorokin without a rebound.
9:04 of 2nd period - Bo Horvat wins face-off versus Vincent Trocheck in Chicago Black Hawks zone.
9:13 of 2nd period - Snap shot by Vincent Trocheck.
9:13 of 2nd period - Shot Blocked by Vladimir Tarasenko.
9:31 of 2nd period - Samuel Girard is hit by Mikhail Sergachev and loses puck.
9:54 of 2nd period - Slapshot by Brandon Hagel.
9:54 of 2nd period - Deflect By Brock McGinn.
9:54 of 2nd period - Stopped by Ilya Sorokin without a rebound.
9:55 of 2nd period - Phillip Danault wins face-off versus Morgan Geekie in Chicago Black Hawks zone.
9:59 of 2nd period - Off-side.
10:00 of 2nd period - Steven Stamkos wins face-off versus Vincent Trocheck in neutral zone.
11:03 of 2nd period - Devon Toews is hit by Sean Durzi.
11:20 of 2nd period - Rasmus Ristolainen is hit by Sean Durzi and loses puck.
11:26 of 2nd period - Off-side.
11:27 of 2nd period - Bo Horvat wins face-off versus Ryan Donato in neutral zone.
11:54 of 2nd period - Samuel Girard is hit by Matt Duchene and loses puck.
12:47 of 2nd period - Off-side.
12:48 of 2nd period - Bo Horvat wins face-off versus Vincent Trocheck in neutral zone.
13:00 of 2nd period - Wrist shot by Pavel Zacha.
13:00 of 2nd period - Shot Misses the Net.
13:21 of 2nd period - Slapshot by Ryan Donato.
13:21 of 2nd period - Stopped by Ilya Sorokin without a rebound.
13:22 of 2nd period - Ryan Donato wins face-off versus Matthew Tkachuk in Chicago Black Hawks zone.
13:41 of 2nd period - Wrist shot by Steven Stamkos.
13:41 of 2nd period - Stopped by David Rittich without a rebound.
13:42 of 2nd period - Bo Horvat wins face-off versus Vincent Trocheck in Boston Bruins zone.
13:43 of 2nd period - Snap shot by Travis Konecny.
13:43 of 2nd period - Deflect By Bo Horvat.
13:43 of 2nd period - Goal by Bo Horvat - Boston Bruins : 3 - Chicago Black Hawks : 4.
13:44 of 2nd period - Vincent Trocheck wins face-off versus Steven Stamkos in neutral zone.
13:58 of 2nd period - Minor Penalty to Charlie McAvoy for Hooking.
13:59 of 2nd period - Steven Stamkos wins face-off versus Vincent Trocheck in Boston Bruins zone.
14:50 of 2nd period - Snap shot by Joel Farabee.
14:50 of 2nd period - Stopped by Ilya Sorokin with a rebound.
15:35 of 2nd period - Phillip Danault is hit by Samuel Girard and loses puck.
15:58 of 2nd period - Penalty to Charlie McAvoy is over, Charlie McAvoy is back on ice.
16:23 of 2nd period - Wrist shot by Brandon Hagel.
16:23 of 2nd period - Stopped by Ilya Sorokin with a rebound.
16:59 of 2nd period - Icing by Ryan Donato.
17:00 of 2nd period - Chris Kreider wins face-off versus Ryan Donato in Boston Bruins zone.
17:05 of 2nd period - Chris Kreider is hit by Brandon Hagel and loses puck.
17:34 of 2nd period - Snap shot by Joonas Donskoi.
17:34 of 2nd period - Shot Blocked by Nicolas Hague.
17:40 of 2nd period - Victor Mete is hit by Steven Stamkos and loses puck.
17:59 of 2nd period - Snap shot by Brandon Hagel.
17:59 of 2nd period - Stopped by Ilya Sorokin with a rebound.
18:11 of 2nd period - Snap shot by Nikolaj Ehlers.
18:11 of 2nd period - Stopped by David Rittich without a rebound.
18:12 of 2nd period - Vincent Trocheck wins face-off versus Phillip Danault in Boston Bruins zone.
18:12 of 2nd period - Vincent Trocheck is hit by Chris Kreider.
18:28 of 2nd period - Wrist shot by Phil Kessel.
18:28 of 2nd period - Stopped by Ilya Sorokin with a rebound.
18:30 of 2nd period - Slapshot by Phil Kessel.
18:30 of 2nd period - Stopped by Ilya Sorokin with a rebound.
18:32 of 2nd period - Slapshot by Samuel Girard.
18:32 of 2nd period - Stopped by Ilya Sorokin with a rebound.
18:34 of 2nd period - Slapshot by Samuel Girard.
18:34 of 2nd period - Stopped by Ilya Sorokin with a rebound.
18:36 of 2nd period - Snap shot by Samuel Girard.
18:36 of 2nd period - Stopped by Ilya Sorokin with a rebound.
18:38 of 2nd period - Snap shot by Phil Kessel.
18:38 of 2nd period - Shot Misses the Net.
18:40 of 2nd period - Snap shot by Phil Kessel.
18:40 of 2nd period - Stopped by Ilya Sorokin with a rebound.
18:42 of 2nd period - Backhand shot by Samuel Girard.
18:42 of 2nd period - Deflect By Brent Burns.
18:42 of 2nd period - Stopped by Ilya Sorokin without a rebound.
18:43 of 2nd period - Bo Horvat wins face-off versus Ryan Donato in Chicago Black Hawks zone.
18:45 of 2nd period - Minor Penalty to Rasmus Ristolainen for Hooking.
18:46 of 2nd period - Vincent Trocheck wins face-off versus Barclay Goodrow in Chicago Black Hawks zone.
19:45 of 2nd period - Bo Horvat is hit by Sean Durzi and loses puck.
Goals for this period are 2 for Boston Bruins vs 1 for Chicago Black Hawks.
Shots for this period are 21 for Boston Bruins vs 9 for Chicago Black Hawks.
3rd period
0:01 of 3rd period - Vincent Trocheck wins face-off versus Barclay Goodrow in neutral zone.
0:10 of 3rd period - Wrist shot by Vincent Trocheck.
0:10 of 3rd period - Stopped by Ilya Sorokin with a rebound.
0:12 of 3rd period - Slapshot by Pavel Zacha.
0:12 of 3rd period - Goal by Pavel Zacha - Boston Bruins : 4 - Chicago Black Hawks : 4.
0:13 of 3rd period - Vincent Trocheck wins face-off versus Steven Stamkos in neutral zone.
0:23 of 3rd period - Off-side.
0:24 of 3rd period - Steven Stamkos wins face-off versus Vincent Trocheck in neutral zone.
0:47 of 3rd period - Minor Penalty to Charlie McAvoy for Cross-checking.
0:48 of 3rd period - Steven Stamkos wins face-off versus Vincent Trocheck in Boston Bruins zone.
0:51 of 3rd period - Snap shot by Steven Stamkos.
0:51 of 3rd period - Shot Misses the Net.
0:53 of 3rd period - Wrist shot by Mikhail Sergachev.
0:53 of 3rd period - Stopped by David Rittich with a rebound.
0:55 of 3rd period - Slapshot by Mikhail Sergachev.
0:55 of 3rd period - Shot Misses the Net.
0:57 of 3rd period - Wrist shot by Barclay Goodrow.
0:57 of 3rd period - Shot Misses the Net.
0:59 of 3rd period - Snap shot by Mikhail Sergachev.
0:59 of 3rd period - Shot Misses the Net.
1:01 of 3rd period - Slapshot by Brent Burns.
1:01 of 3rd period - Deflect By Steven Stamkos.
1:01 of 3rd period - Shot Misses the Net.
1:01 of 3rd period - Puck is out of play.
1:02 of 3rd period - Vincent Trocheck wins face-off versus Steven Stamkos in Boston Bruins zone.
1:07 of 3rd period - Barclay Goodrow is hit by Samuel Girard.
1:19 of 3rd period - Wrist shot by Steven Stamkos.
1:19 of 3rd period - Goal by Steven Stamkos - Boston Bruins : 4 - Chicago Black Hawks : 5.
1:20 of 3rd period - Bo Horvat wins face-off versus Vincent Trocheck in neutral zone.
1:32 of 3rd period - Off-side.
1:33 of 3rd period - Vincent Trocheck wins face-off versus Steven Stamkos in neutral zone.
1:40 of 3rd period - Snap shot by Vincent Trocheck.
1:40 of 3rd period - Shot Misses the Net.
1:42 of 3rd period - Snap shot by Samuel Girard.
1:42 of 3rd period - Shot Blocked by Matthew Tkachuk.
1:44 of 3rd period - Slapshot by Samuel Girard.
1:44 of 3rd period - Stopped by Ilya Sorokin with a rebound.
1:46 of 3rd period - Snap shot by Vincent Trocheck.
1:46 of 3rd period - Shot Blocked by Brent Burns.
1:48 of 3rd period - Wrist shot by Pavel Zacha.
1:48 of 3rd period - Shot Misses the Net.
2:09 of 3rd period - Snap shot by Matt Duchene.
2:09 of 3rd period - Stopped by David Rittich with a rebound.
2:13 of 3rd period - Slapshot by Steven Stamkos.
2:13 of 3rd period - Goal by Steven Stamkos - Boston Bruins : 4 - Chicago Black Hawks : 6.
2:14 of 3rd period - Vincent Trocheck wins face-off versus Travis Konecny in neutral zone.
3:01 of 3rd period - Backhand shot by Nikolaj Ehlers.
3:01 of 3rd period - Stopped by David Rittich without a rebound.
3:02 of 3rd period - Morgan Geekie wins face-off versus Phillip Danault in Boston Bruins zone.
3:29 of 3rd period - Wrist shot by Morgan Geekie.
3:29 of 3rd period - Shot Misses the Net.
3:31 of 3rd period - Wrist shot by Brock McGinn.
3:31 of 3rd period - Shot Misses the Net.
3:33 of 3rd period - Slapshot by Morgan Geekie.
3:33 of 3rd period - Shot Misses the Net.
3:35 of 3rd period - Slapshot by Victor Mete.
3:35 of 3rd period - Stopped by Ilya Sorokin with a rebound.
3:37 of 3rd period - Slapshot by Victor Mete.
3:37 of 3rd period - Deflect By Morgan Geekie.
3:37 of 3rd period - Stopped by Ilya Sorokin with a rebound.
3:39 of 3rd period - Slapshot by Morgan Geekie.
3:39 of 3rd period - Shot Misses the Net.
3:41 of 3rd period - Snap shot by Morgan Geekie.
3:41 of 3rd period - Stopped by Ilya Sorokin with a rebound.
3:51 of 3rd period - Devon Toews is hit by Brock McGinn and loses puck.
4:10 of 3rd period - Snap shot by Chris Kreider.
4:10 of 3rd period - Stopped by David Rittich with a rebound.
4:28 of 3rd period - Slapshot by Samuel Girard.
4:28 of 3rd period - Shot Misses the Net.
4:34 of 3rd period - Phillip Danault is hit by Morgan Geekie and loses puck.
4:57 of 3rd period - Snap shot by Chris Kreider.
4:57 of 3rd period - Shot Misses the Net.
5:20 of 3rd period - Icing by Brent Burns.
5:21 of 3rd period - Vincent Trocheck wins face-off versus Phillip Danault in Chicago Black Hawks zone.
5:54 of 3rd period - Snap shot by Travis Konecny.
5:54 of 3rd period - Shot Misses the Net.
6:17 of 3rd period - Travis Konecny is hit by Matt Grzelcyk and loses puck.
6:32 of 3rd period - Mikhail Sergachev is hit by Vincent Trocheck and loses puck.
6:51 of 3rd period - Snap shot by Lawson Crouse.
6:51 of 3rd period - Stopped by David Rittich with a rebound.
7:03 of 3rd period - Matt Duchene is hit by Samuel Girard and loses puck.
9:26 of 3rd period - Icing by Charlie McAvoy.
9:27 of 3rd period - Steven Stamkos wins face-off versus Mason Appleton in Boston Bruins zone.
11:40 of 3rd period - Lawson Crouse is hit by Danton Heinen and loses puck.
11:53 of 3rd period - Vladimir Tarasenko is hit by Ryan Donato and loses puck.
12:31 of 3rd period - Devon Toews is hit by Joonas Donskoi and loses puck.
12:57 of 3rd period - Icing by Devon Toews.
12:58 of 3rd period - Morgan Geekie wins face-off versus Bo Horvat in Chicago Black Hawks zone.
12:59 of 3rd period - Snap shot by Charlie McAvoy.
12:59 of 3rd period - Deflect By Travis Konecny.
12:59 of 3rd period - Stopped by Ilya Sorokin without a rebound.
13:00 of 3rd period - Morgan Geekie wins face-off versus Steven Stamkos in Chicago Black Hawks zone.
13:37 of 3rd period - Snap shot by Vladimir Tarasenko.
13:37 of 3rd period - Stopped by David Rittich with a rebound.
13:39 of 3rd period - Slapshot by Rasmus Andersson.
13:39 of 3rd period - Shot Misses the Net.
14:33 of 3rd period - Icing by Matt Grzelcyk.
14:34 of 3rd period - Vincent Trocheck wins face-off versus Steven Stamkos in Boston Bruins zone.
15:13 of 3rd period - Anthony Beauvillier is hit by Rasmus Andersson and loses puck.
15:28 of 3rd period - Snap shot by Anthony Beauvillier.
15:28 of 3rd period - Stopped by Ilya Sorokin without a rebound.
15:29 of 3rd period - Joonas Donskoi wins face-off versus Bo Horvat in Chicago Black Hawks zone.
16:40 of 3rd period - Icing by Travis Konecny.
16:41 of 3rd period - Bo Horvat wins face-off versus Vincent Trocheck in Chicago Black Hawks zone.
16:56 of 3rd period - Snap shot by Travis Konecny.
16:56 of 3rd period - Stopped by David Rittich without a rebound.
16:57 of 3rd period - Steven Stamkos wins face-off versus Ryan Donato in Boston Bruins zone.
17:00 of 3rd period - Snap shot by Matt Duchene.
17:00 of 3rd period - Deflect By Matthew Tkachuk.
17:00 of 3rd period - Stopped by David Rittich without a rebound.
17:01 of 3rd period - Ryan Donato wins face-off versus Steven Stamkos in Boston Bruins zone.
17:08 of 3rd period - Wrist shot by Ryan Donato.
17:08 of 3rd period - Deflect By Steven Stamkos.
17:08 of 3rd period - Shot Misses the Net.
17:08 of 3rd period - Puck is out of play.
17:09 of 3rd period - Vincent Trocheck wins face-off versus Steven Stamkos in Chicago Black Hawks zone.
17:20 of 3rd period - Snap shot by Vincent Trocheck.
17:20 of 3rd period - Stopped by Ilya Sorokin with a rebound.
17:34 of 3rd period - Samuel Girard is hit by Chris Kreider and loses puck.
17:39 of 3rd period - Wrist shot by Nikolaj Ehlers.
17:39 of 3rd period - Shot Misses the Net.
17:41 of 3rd period - Snap shot by Chris Kreider.
17:41 of 3rd period - Shot Misses the Net.
17:43 of 3rd period - Slapshot by Phillip Danault.
17:43 of 3rd period - Stopped by David Rittich with a rebound.
17:45 of 3rd period - Slapshot by Brent Burns.
17:45 of 3rd period - Deflect By Charlie McAvoy.
17:45 of 3rd period - Stopped by David Rittich without a rebound.
17:46 of 3rd period - Vincent Trocheck wins face-off versus Steven Stamkos in Boston Bruins zone.
17:55 of 3rd period - Snap shot by Vincent Trocheck.
17:55 of 3rd period - Shot Blocked by Mikhail Sergachev.
18:49 of 3rd period - Snap shot by Vladimir Tarasenko.
18:49 of 3rd period - Shot Misses the Net.
19:11 of 3rd period - Slapshot by Charlie McAvoy.
19:11 of 3rd period - Shot Blocked by Matt Duchene.
Goals for this period are 1 for Boston Bruins vs 2 for Chicago Black Hawks.
Shots for this period are 9 for Boston Bruins vs 12 for Chicago Black Hawks.
Back to the Top